 Dungeon Crawl Stone Soup version 0.29-a0-414-g5075937ec3 (webtiles) character file.

Game seed: 2182339566001747784

66 xian the Skirmisher (level 3, 0/29 HPs)
             Began as a Mummy Abyssal Knight on May 15, 2022.
             Was a Priest of Lugonu.
             Slain by an orc
             ... wielding a +0 club
              (1 damage)
             ... on level 2 of the Dungeon.
             The game lasted 00:10:40 (2679 turns).

xian the Skirmisher (Mummy Abyssal Knight)          Turns: 2679, Time: 00:10:41

Health: 0/29       AC:  6    Str: 18    XL:     3   Next: 96%
Magic:  4/4        EV: 14    Int:  9    God:    Lugonu [***...]
Gold:   88         SH:  0    Dex: 12    Spells: 2/2 levels left

rFire   x . .      SeeInvis +   a - +1 hand axe
rCold   + . .      Faith    .   (no shield)
rNeg    + + +      Spirit   .   e - +0 ring mail
rPois   ∞          Reflect  .   (no helmet)
rElec   .          Harm     .   (no cloak)
rCorr   .          Rampage  .   (no gloves)
Will    .....                   g - +0 pair of boots
Stlth   +.........              (no amulet)
HPRegen 0.09/turn               f - +4 ring of evasion
MPRegen 0.09/turn               b - ring of see invisible

@: no status effects
A: cold resistance 1, negative energy resistance 3, torment resistance 2, heat
vulnerability 1, in touch with death 1, no potions
a: Renounce Religion, Depart the Abyss, Bend Space, Banish


You were on level 2 of the Dungeon.
You worshipped Lugonu.
Lugonu was most pleased with you.
You visited 1 branch of the dungeon, and saw 3 of its levels.
You visited the Abyss 1 time.

You collected 88 gold pieces.

Inventory:

Hand Weapons
 a - a +1 hand axe (weapon)
Armour
 e - a +0 ring mail (worn)
 g - a +0 pair of boots (worn)
Jewellery
 b - a ring of see invisible (right hand)
 f - a +4 ring of evasion (left hand)
Scrolls
 d - 4 scrolls of identify


   Skills:
 + Level 3.6 Fighting
 + Level 2.4 Axes
 + Level 2.1 Armour
 + Level 1.1 Dodging
 + Level 0.2 Stealth
 + Level 1.5 Invocations


You had 2 spell levels left.
You didn't know any spells.
Your spell library contained the following spells:

 Spells                   Type           Power      Damage    Failure   Level
 Ensorcelled Hibernation  Hex/Ice        0%         N/A       71%         2
 Passwall                 Tmut/Erth      0%         N/A       71%         2
 Swiftness                Air            0%         N/A       91%         3


Dungeon Overview and Level Annotations

Branches:
Dungeon (3/15)

Altars:
Ashenzari


Innate Abilities, Weirdness & Mutations

You are immune to poison.
Your flesh is cold resistant. (rC+)
You are immune to negative energy. (rN+++)
You are immune to unholy pain and torment.
You are vulnerable to heat. (rF-)
You are in touch with the powers of death.
You do not drink.


Message History

You stop ascending the stairs.
The ball python constricts you.
You escape the ball python's grasp.
The endoplasm hits you. The orc barely misses you.
The orc hits you with a +0 club.
You climb upwards.
There is a stone staircase leading down here.
You hit the orc.
The orc is lightly wounded.
You barely miss the ball python.
The ball python bites you but does no damage.
The ball python misses you. The orc hits you with a +0 mace.
The ball python closely misses you. The ball python barely misses you.
You hit the ball python.
You kill the ball python!
Lugonu accepts your kill.
You barely miss the orc. The orc hits you with a +0 mace!
You hit the orc but do no damage.
The orc is lightly wounded.
You hit the orc. The orc hits you with a +0 mace. The orc closely misses you.
The orc barely misses you. The orc hits you with a +0 club.
* * * LOW HITPOINT WARNING * * *
Unknown command.
Okay, then.
As you read the scroll labelled OCWIAJUOCE, it crumbles to dust.
You hear a loud clanging noise!
It was a scroll of noise.
The orc misses you. The orc closely misses you.
Unknown command.
You hit the orc.
The orc is heavily wounded.
You hit the orc but do no damage. The orc hits you with a +0 mace.
* * * LOW HITPOINT WARNING * * *
The orc closely misses you.
You completely miss the orc.
The orc is heavily wounded.
You closely miss the orc. The orc misses you. The orc hits you with a +0 club.
* * * LOW HITPOINT WARNING * * *
You hit the orc.
You kill the orc!
Lugonu accepts your kill.
You hit the orc. The orc hits you with a +0 club.
You die...

########
#########......###
#@J.....!......)..
#o#######......###
#.#######......###
#......)'...!..+..
#.#######......###
#.#######......# #
#.##....#......# #
#.##....#......#
#.##....#......#


You could see an orc and an endoplasm.

Vanquished Creatures
  An adder (D:3)
  2 worms (D:2)
  An orc (D:2)
  5 endoplasms
  5 giant cockroaches
  6 goblins
  A hobgoblin (D:1)
  4 quokkas
  5 ball pythons
  9 bats
  A frilled lizard (D:2)
  5 kobolds
  5 rats
50 creatures vanquished.

Vanquished Creatures (others)
  6 plants (D:1)
6 creatures vanquished.

Grand Total: 56 creatures vanquished

Notes
Turn   | Place    | Note
-------+----------+-------------------------------------------
     0 | Abyss:1  | xian the Mummy Abyssal Knight began the quest for the Orb.
     0 | Abyss:1  | Reached XP level 1. HP: 18/18 MP: 2/2
    73 | Abyss:1  | Found a corrupted altar of Lugonu.
    92 | D:1      | Escaped the Abyss
   284 | D:1      | Found a faded altar of an unknown god.
   336 | D:1      | Reached XP level 2. HP: 21/24 MP: 3/3
   808 | D:1      | Reached skill level 1 in Dodging
  1381 | D:2      | Found a broken altar of Ashenzari.
  1487 | D:2      | Reached *** piety under Lugonu
  1488 | D:2      | Gained mutation: You are in touch with the powers of death.
                  | [Mummy growth]
  1488 | D:2      | Reached XP level 3. HP: 22/29 MP: 4/4
  2332 | D:3      | Noticed an ogre
  2678 | D:2      | HP: 1/29 [orc/+0 club (2)]
  2679 | D:2      | Slain by an orc

Illustrated notes

Levels and vault maps discovered:
D:1:      dpeg_arrival_houses_and_road, layout_basic,
          shapermc_ecumenical_altar_starsandcircs, serial_bayou,
          serial_bayou_lake_a, serial_bayou_lagoon_a, serial_bayou_pond_a,
          serial_bayou_shore_a, minmay_surrounded
D:2:      layout_basic, basic_altar
D:3:      layout_rooms, serial_shops, shop

Skill      XL: |  1  2  3 |
---------------+----------+-----
Dodging        | 1 |  1.1
Axes           | 2 |  2.4
Armour         | 2 |  2.1
Fighting       | |  3.6
Stealth        | |  0.2
Invocations    | |  1.5

Action                   || total
-------------------------++-------
Melee: Hand axe          ||   142
  Use: Scroll            ||     5
Armor: Leather armour    ||     2
       Ring mail         ||    56
Dodge: Dodged            ||   120

Table legend: (Time is in decaauts)
 A = Elapsed time spent in this place.
 B = Non-inter-level travel time spent in this place.
 C = Inter-level travel time spent in this place.
 D = Time resting spent in this place.
 E = Time spent auto-exploring this place.
 F = Levels seen in this place.
 G = Mean time per level.
                   A        B        C        D        E       F      G
               +--------+--------+--------+--------+--------+-----+--------+
         Total |   2764 |   2735 |     29 |    299 |   1807 |   4 |  691.0 |
       Dungeon |   2672 |   2643 |     29 |    299 |   1725 |   3 |  890.7 |
         Abyss |     92 |     92 |      0 |      0 |     82 |   1 |   92.0 |
               +--------+--------+--------+--------+--------+-----+--------+

Top non-repeatable levels by time:
     D:1: 1335 daAuts
     D:2: 1186 daAuts
     D:3: 149 daAuts
 Abyss:1: 92 daAuts
